 Dungeon Crawl Stone Soup version 0.22.1-1-ga44c0e5 (webtiles) character file.

78 Tr0llz0r the Chopper (level 4, -7/34 HPs)
             Began as a Gnoll Wanderer on Oct 23, 2018.
             Killed by divine providence
             ... invoked by an orc priest
              (10 damage)
             ... on level 3 of the Dungeon on Oct 25, 2018.
             The game lasted 00:08:40 (1743 turns).

Tr0llz0r the Chopper (Gnoll Wanderer)               Turns: 1743, Time: 00:08:41

Health: -7/34      AC:  5    Str: 16    XL:     4   Next: 36%
Magic:  8/8        EV: 11    Int: 13    God:
Gold:   76         SH:  0    Dex: 15    Spells: 9/9 levels left

rFire    . . .     SeeInvis +   m - +2 hand axe (chop)
rCold    . . .     Gourm    .   (no shield)
rNeg     . . .     Faith    .   g - +0 leather armour
rPois    .         Spirit   .   (no helmet)
rElec    .         Reflect  .   u - +1 cloak
rCorr    .         Harm     .   (no gloves)
MR       .....                  (no boots)
Stlth    ++........             (no amulet)
HPRegen  0.11/turn              k - ring of see invisible
MPRegen  0.11/turn              B - ring of flight

@: flying
A: distributed training, fangs 1, strong nose
a: no special abilities


You were on level 3 of the Dungeon.
You were not hungry.

You visited 1 branch of the dungeon, and saw 3 of its levels.

You collected 76 gold pieces.

Inventory:

Hand Weapons
 a - a +2 dagger
 c - a +0 hand axe
 m - a +2 hand axe of chopping (weapon)
 n - a +1 antimagic short sword
 r - a +0 trident
 s - a +0 spear
 t - a +3 quarterstaff of chaos
 A - a +0 flail
Missiles
 j - 28 arrows
 l - 56 stones (quivered)
 p - 3 large rocks
 y - 12 poisoned needles
Armour
 e - a +0 robe
 g - a +0 leather armour (worn)
 u - a +1 cloak (worn)
Jewellery
 k - a ring of see invisible (left hand)
 B - a ring of flight (right hand)
Scrolls
 i - 2 scrolls of remove curse
 x - a scroll of random uselessness
Potions
 b - a potion of berserk rage
 d - a potion of lignification
Comestibles
 f - 6 rations


   Skills:
 + Level 2.7 Fighting
 + Level 1.1 Short Blades
 + Level 1.1 Long Blades
 + Level 6.6 Axes
 + Level 1.1 Maces & Flails
 + Level 1.1 Polearms
 + Level 1.1 Staves
 + Level 1.1 Slings
 + Level 1.1 Bows
 + Level 1.1 Crossbows
 + Level 1.1 Throwing
 + Level 2.7 Armour
 + Level 1.1 Dodging
 + Level 4.2 Stealth
 + Level 1.1 Shields
 + Level 1.1 Unarmed Combat
 + Level 3.0 Spellcasting
 + Level 0.8 Conjurations
 + Level 0.8 Hexes
 + Level 0.8 Charms
 + Level 0.8 Summonings
 + Level 0.8 Necromancy
 + Level 0.8 Translocations
 + Level 0.8 Transmutations
 + Level 3.8 Fire Magic
 + Level 0.8 Ice Magic
 + Level 0.8 Air Magic
 + Level 0.8 Earth Magic
 + Level 0.8 Poison Magic
 + Level 1.2 Invocations
 + Level 1.1 Evocations


You had 9 spell levels left.
You didn't know any spells.
Your spell library was empty.

Dungeon Overview and Level Annotations

Branches:
Dungeon (3/15)

Altars:


Innate Abilities, Weirdness & Mutations

Your experience applies equally to all skills.
You have very sharp teeth.
Your uncanny sense of smell can sniff out nearby items.


Message History

The orc hits you but does no damage.
The orc priest hits you but does no damage.
Okay, then.
The orc closely misses you. The orc barely misses you.
The orc closely misses you.
The orc priest calls upon Beogh to heal the orc.
The orc's wounds heal themselves!
You hit the orc.
You kill the orc!
Your Spellcasting skill increases to level 3!
The orc priest begins to cast a cantrip, but forgets the words!
You hit the orc.
The orc is heavily wounded.
You slash the orc!
You kill the orc!
The orc hits you with a mace.
* * * LOW HITPOINT WARNING * * *
The orc priest mumbles some strange prayers to Beogh against you.
Beogh smites you!
You die...

**,**,,...........#,,,,,,........
**,*#............>#,,,,,,..######
,,,*#...(.........#,∆,,,,.,*
****#...(.........#,,,,,,,,* *
#........!.?[.#********* *
#..........)).# * #...........o†#
* #......)...)o.# *
#.[.........@.#
****#.............#
,,,,..............#
,***#######...##### ,* #...# ,*
#...# ** #.).# #...# #...#


You could see an orc priest and an orc.

Vanquished Creatures
  Crazy Yiuf (D:2)
  A dart slug (D:1)
  6 orcs (D:3)
  4 bats
  5 giant cockroaches
  3 goblins
  5 hobgoblins
  4 jackals (D:1)
  3 kobolds
  A frilled lizard (D:1)
  3 rats
36 creatures vanquished.

Notes
Turn   | Place    | Note
-------+----------+-------------------------------------------
     0 | D:1      | Tr0llz0r the Gnoll Wanderer began the quest for the Orb.
     0 | D:1      | Tr0llz0r set off with: a +2 dagger, a potion of berserk
                  | rage, a +0 hand axe, a potion of lignification, a +0 robe,
                  | a ration
     0 | D:1      | Reached XP level 1. HP: 17/17 MP: 4/4
   181 | D:1      | Reached XP level 2. HP: 22/23 MP: 5/5
   897 | D:2      | Reached XP level 3. HP: 28/28 MP: 7/7
   961 | D:2      | Found a runed door.
   965 | D:2      | Noticed Crazy Yiuf
   974 | D:2      | Killed Crazy Yiuf
   974 | D:2      | Reached skill level 1 in Short Blades
   974 | D:2      | Reached skill level 1 in Long Blades
   974 | D:2      | Reached skill level 1 in Maces & Flails
   974 | D:2      | Reached skill level 1 in Polearms
   974 | D:2      | Reached skill level 1 in Staves
   974 | D:2      | Reached skill level 1 in Slings
   974 | D:2      | Reached skill level 1 in Bows
   974 | D:2      | Reached skill level 1 in Crossbows
   974 | D:2      | Reached skill level 1 in Throwing
   974 | D:2      | Reached skill level 1 in Dodging
   974 | D:2      | Reached skill level 1 in Shields
   974 | D:2      | Reached skill level 1 in Unarmed Combat
   974 | D:2      | Reached skill level 1 in Invocations
   974 | D:2      | Reached skill level 1 in Evocations
  1387 | D:2      | Reached XP level 4. HP: 34/34 MP: 8/8
  1743 | D:3      | Killed from afar by an orc priest

Skill      XL: |  1  2  3  4 |
---------------+-------------+-----
Short Blades   | 1 |  1.1
Long Blades    | 1 |  1.1
Maces & Flails | 1 |  1.1
Polearms       | 1 |  1.1
Staves         | 1 |  1.1
Slings         | 1 |  1.1
Bows           | 1 |  1.1
Crossbows      | 1 |  1.1
Throwing       | 1 |  1.1
Dodging        | 1 |  1.1
Shields        | 1 |  1.1
Unarmed Combat | 1 |  1.1
Invocations    | 1 |  1.2
Evocations     | 1 |  1.1
Spellcasting   | 3 |  3.0
Fighting       | |  2.7
Axes           | |  6.6
Armour         | |  2.7
Stealth        | |  4.2
Conjurations   | |  0.8
Hexes          | |  0.8
Charms         | |  0.8
Summonings     | |  0.8
Necromancy     | |  0.8
Translocations | |  0.8
Transmutations | |  0.8
Fire Magic     | |  3.8
Ice Magic      | |  0.8
Air Magic      | |  0.8
Earth Magic    | |  0.8
Poison Magic   | |  0.8

Action                   |  1- 3 |  4- 6 || total
-------------------------+-------+-------++-------
Melee: Hand axe          |    57 |    17 ||    74
       Bite              |     5 |     1 ||     6
Throw: Stone             |       |     2 ||     2
  Use: Scroll            |       |     6 ||     6
       Potion            |       |     2 ||     2
 Stab: Sleeping          |     3 |     2 ||     5
  Eat: Ration            |     1 |       ||     1
Armor: Leather armour    |    26 |     5 ||    31
       Robe              |     3 |       ||     3
Dodge: Dodged            |    51 |    23 ||    74
